TOP OF THE 1ST |
Seattle Pikes batting - Pitching for Springfield Stars : LHP Joaquín Gonzáles
|
Pitching: LHP Joaquín Gonzáles
|
|
Batting: LHB Bruno Lalonde
|
0-0: Called Strike 0-1: Ball 1-1: Ball 2-1: Ball 3-1: Called Strike 3-2: Foul Ball, location: 2F 3-2: Base on Balls
|
Batting: RHB George Howard
|
0-0: Ball Bruno Lalonde is caught stealing 2nd base 1-0: Ball 2-0: Foul Ball, location: 2F 2-1: Swinging Strike 2-2: Ball 3-2: Base on Balls
|
Batting: RHB António Ortega
|
0-0: 2-RUN HOME RUN (Flyball, 7D), Distance : 396 ft
|
Batting: RHB Manuel Rico
|
0-0: Fly out, F8 (Flyball, 8LM)
|
Batting: LHB Luka Lagerweij
|
0-0: Foul Ball, location: 2F 0-1: Called Strike 0-2: Foul Ball, location: 2F 0-2: Ball 1-2: Strikes out swinging
|
Top of the 1st over - 2 run(s), 1 hit(s), 0 error(s), 0 left on base; Seattle 2 - Springfield 0 |
BOTTOM OF THE 1ST |
Springfield Stars batting - Pitching for Seattle Pikes : RHP António Rijo
|
Pitching: RHP António Rijo
|
|
Batting: LHB Felipe Guerrero
|
0-0: Ball 1-0: Ball 2-0: Foul Ball, location: 2F 2-1: DOUBLE (Line Drive, 9D)
|
Batting: RHB Calvin Bennett
|
0-0: Fly out, F4 (Line Drive, 4)
|
Batting: RHB Juan Rodríguez
|
0-0: Called Strike 0-1: Fly out, F7 (Flyball, 7D) Runner from 2nd tags up, SAFE at 3rd, no throw
|
Batting: LHB César Valentín
|
0-0: Called Strike 0-1: Called Strike 0-2: Foul Ball, location: 2F 0-2: Foul Ball, location: 2F 0-2: Fly out, F4 (Popup, 4D)
|
Bottom of the 1st over - 0 run(s), 1 hit(s), 0 error(s), 1 left on base; Seattle 2 - Springfield 0 |
TOP OF THE 2ND |
Seattle Pikes batting - Pitching for Springfield Stars : LHP Joaquín Gonzáles
|
Batting: RHB Dennis Stephenson
|
0-0: Called Strike 0-1: Ball 1-1: Ground out 5-3 (Groundball, 5S)
|
Batting: RHB Rafael Rincón
|
0-0: Ball 1-0: Ball 2-0: SOLO HOME RUN (Flyball, 89XD), Distance : 429 ft
|
Batting: RHB Randy Sheppard
|
0-0: Called Strike 0-1: SOLO HOME RUN (Flyball, 89XD), Distance : 434 ft
|
Batting: RHB Naomi Kitamura
|
0-0: Ball 1-0: Swinging Strike 1-1: Ball 2-1: Called Strike 2-2: Strikes out swinging
|
Batting: LHB Bruno Lalonde
|
0-0: Ball 1-0: Swinging Strike 1-1: Ball 2-1: Called Strike 2-2: Strikes out looking
|
Top of the 2nd over - 2 run(s), 2 hit(s), 0 error(s), 0 left on base; Seattle 4 - Springfield 0 |
BOTTOM OF THE 2ND |
Springfield Stars batting - Pitching for Seattle Pikes : RHP António Rijo
|
Batting: LHB Jesús Tobías
|
0-0: Called Strike 0-1: Ball 1-1: Fly out, F8 (Flyball, 8LM)
|
Batting: RHB Jesús Torres
|
0-0: Called Strike 0-1: Swinging Strike 0-2: Ball 1-2: Ball 2-2: Foul Ball, location: 2F 2-2: Ball 3-2: Strikes out swinging
|
Batting: RHB Miguel Monteagudo
|
0-0: Foul Ball, location: 2F 0-1: Ground out 6-3 (Groundball, 6M)
|
Bottom of the 2nd over - 0 run(s), 0 hit(s), 0 error(s), 0 left on base; Seattle 4 - Springfield 0 |
TOP OF THE 3RD |
Seattle Pikes batting - Pitching for Springfield Stars : LHP Joaquín Gonzáles
|
Batting: RHB George Howard
|
0-0: Swinging Strike 0-1: Ground out 4-3 (Groundball, 34)
|
Batting: RHB António Ortega
|
0-0: Ball 1-0: Ground out 6-3 (Groundball, 6)
|
Batting: RHB Manuel Rico
|
0-0: Ball 1-0: Swinging Strike 1-1: Foul Ball, location: 2F 1-2: Ball 2-2: Foul Ball, location: 2F 2-2: Ball 3-2: Fly out, F9 (Flyball, 89S)
|
Top of the 3rd over - 0 run(s), 0 hit(s), 0 error(s), 0 left on base; Seattle 4 - Springfield 0 |
BOTTOM OF THE 3RD |
Springfield Stars batting - Pitching for Seattle Pikes : RHP António Rijo
|
Batting: RHB Miguel Salinas
|
0-0: Fly out, F3 (Popup, 3F)
|
Batting: LHB Mike Callahan
|
0-0: Ball 1-0: Called Strike 1-1: Ball 2-1: Foul Ball, location: 2F 2-2: Strikes out looking
|
Batting: LHB Felipe Guerrero
|
0-0: Ball 1-0: Ball 2-0: Fly out, F6 (Popup, 6D)
|
Bottom of the 3rd over - 0 run(s), 0 hit(s), 0 error(s), 0 left on base; Seattle 4 - Springfield 0 |
TOP OF THE 4TH |
Seattle Pikes batting - Pitching for Springfield Stars : LHP Joaquín Gonzáles
|
Pitching: LHP Enrique Muñóz
|
|
Batting: LHB Luka Lagerweij
|
0-0: Called Strike 0-1: Fly out, F9 (Flyball, 9S)
|
Batting: RHB Dennis Stephenson
|
0-0: Foul Ball, location: 2F 0-1: Ground out 1-3 (Groundball, 23)
|
Batting: RHB Rafael Rincón
|
0-0: Ball 1-0: Ground out U3 (Groundball, 3L)
|
Top of the 4th over - 0 run(s), 0 hit(s), 0 error(s), 0 left on base; Seattle 4 - Springfield 0 |
BOTTOM OF THE 4TH |
Springfield Stars batting - Pitching for Seattle Pikes : RHP António Rijo
|
Batting: RHB Calvin Bennett
|
0-0: Ball 1-0: Ball 2-0: Ball 3-0: Base on Balls
|
Batting: RHB Juan Rodríguez
|
0-0: Swinging Strike 0-1: Ball 1-1: Ball 2-1: Ball 3-1: Ground out 2-3 (Groundball, 23) Calvin Bennett to second
|
Batting: LHB César Valentín
|
0-0: Ball Calvin Bennett steals 3rd base 1-0: Called Strike 1-1: Ball 2-1: Ball 3-1: Base on Balls
|
Batting: LHB Jesús Tobías
|
0-0: Ball 1-0: Ball 2-0: Called Strike 2-1: Ball 3-1: Fly out, F9 (Flyball, 89S)
|
Batting: RHB Jesús Torres
|
0-0: Called Strike 0-1: Ball 1-1: Ball 2-1: Foul Ball, location: 2F 2-2: DOUBLE (Line Drive, 7LM) Calvin Bennett scores César Valentín to third Runner from 3rd tries for Home, throw and OUT!
|
Bottom of the 4th over - 1 run(s), 1 hit(s), 0 error(s), 1 left on base; Seattle 4 - Springfield 1 |
TOP OF THE 5TH |
Seattle Pikes batting - Pitching for Springfield Stars : LHP Enrique Muñóz
|
Batting: RHB Randy Sheppard
|
0-0: Called Strike 0-1: Ball 1-1: Ball 2-1: Ball 3-1: Foul Ball, location: 2F 3-2: Foul Ball, location: 2F 3-2: Ground out 6-3 (Groundball, 6)
|
Batting: RHB Naomi Kitamura
|
0-0: Ball 1-0: Foul Ball, location: 2F 1-1: Called Strike 1-2: Ball 2-2: Strikes out swinging
|
Batting: LHB Bruno Lalonde
|
0-0: Ball 1-0: Foul Ball, location: 2F 1-1: Ball 2-1: Ball 3-1: Swinging Strike 3-2: Foul Ball, location: 2F 3-2: Strikes out looking
|
Top of the 5th over - 0 run(s), 0 hit(s), 0 error(s), 0 left on base; Seattle 4 - Springfield 1 |
BOTTOM OF THE 5TH |
Springfield Stars batting - Pitching for Seattle Pikes : RHP António Rijo
|
Pitching: RHP Jesús Mendoza
|
|
Batting: RHB Miguel Monteagudo
|
0-0: Ball 1-0: Ball 2-0: Called Strike 2-1: Foul Ball, location: 2F 2-2: Foul Ball, location: 2F 2-2: Strikes out swinging
|
Batting: RHB Miguel Salinas
|
0-0: Fly out, F8 (Flyball, 8RM)
|
Batting: LHB Mike Callahan
|
0-0: Called Strike 0-1: Called Strike 0-2: Strikes out swinging
|
Bottom of the 5th over - 0 run(s), 0 hit(s), 0 error(s), 0 left on base; Seattle 4 - Springfield 1 |
TOP OF THE 6TH |
Seattle Pikes batting - Pitching for Springfield Stars : LHP Enrique Muñóz
|
Batting: RHB George Howard
|
0-0: Fly out, F9 (Popup, 3D)
|
Batting: RHB António Ortega
|
0-0: Called Strike 0-1: Ball 1-1: Ball 2-1: Foul Ball, location: 2F 2-2: Ball 3-2: Strikes out swinging
|
Batting: RHB Manuel Rico
|
0-0: Called Strike 0-1: Called Strike 0-2: Ball 1-2: Foul Ball, location: 2F 1-2: Foul Ball, location: 2F 1-2: Strikes out swinging
|
Top of the 6th over - 0 run(s), 0 hit(s), 0 error(s), 0 left on base; Seattle 4 - Springfield 1 |
BOTTOM OF THE 6TH |
Springfield Stars batting - Pitching for Seattle Pikes : RHP Jesús Mendoza
|
Batting: LHB Felipe Guerrero
|
0-0: Ball 1-0: Called Strike 1-1: Swinging Strike 1-2: Foul Ball, location: 2F 1-2: Ball 2-2: Foul Ball, location: 2F 2-2: Ball 3-2: DOUBLE (Line Drive, 9D)
|
Batting: RHB Calvin Bennett
|
0-0: Called Strike 0-1: Called Strike 0-2: Foul Ball, location: 2F 0-2: Foul Ball, location: 2F 0-2: Ground out 5-3 (Groundball, 56S) Felipe Guerrero to third
|
Batting: RHB Juan Rodríguez
|
0-0: Foul Ball, location: 2F 0-1: Ball 1-1: Foul Ball, location: 2F 1-2: Ball 2-2: Fly out, F3 (Popup, 9LSF)
|
Batting: LHB César Valentín
|
0-0: Swinging Strike 0-1: Foul Ball, location: 2F 0-2: Strikes out swinging
|
Bottom of the 6th over - 0 run(s), 1 hit(s), 0 error(s), 1 left on base; Seattle 4 - Springfield 1 |
TOP OF THE 7TH |
Seattle Pikes batting - Pitching for Springfield Stars : LHP Enrique Muñóz
|
Batting: LHB Luka Lagerweij
|
0-0: Ball 1-0: Ball 2-0: Ball 3-0: Base on Balls
|
Pitching: RHP José Orozco
|
|
Batting: RHB Dennis Stephenson
|
0-0: Called Strike 0-1: Ball 1-1: Ball 2-1: Ball 3-1: Foul Ball, location: 2F 3-2: Strikes out looking
|
Batting: RHB Rafael Rincón
|
0-0: Ball 1-0: Fly out, F3 (Popup, 3SF)
|
Batting: RHB Randy Sheppard
|
0-0: Ball 1-0: Ground out 5-3 (Groundball, 5)
|
Top of the 7th over - 0 run(s), 0 hit(s), 0 error(s), 1 left on base; Seattle 4 - Springfield 1 |
BOTTOM OF THE 7TH |
Springfield Stars batting - Pitching for Seattle Pikes : RHP Jesús Mendoza
|
Pitching: RHP Gilberto Barrera
|
|
Batting: LHB Jesús Tobías
|
0-0: Ball 1-0: Foul Ball, location: 2F 1-1: Ground out U3 (Groundball, 3L)
|
Batting: RHB Jesús Torres
|
0-0: Ball 1-0: SINGLE (Groundball, 34D)
|
Batting: RHB Miguel Monteagudo
|
0-0: Called Strike 0-1: Foul Ball, location: 2F 0-2: Strikes out swinging
|
Batting: RHB Miguel Salinas
|
0-0: Ball 1-0: Fly out, F8 (Flyball, 8RD)
|
Bottom of the 7th over - 0 run(s), 1 hit(s), 0 error(s), 1 left on base; Seattle 4 - Springfield 1 |
TOP OF THE 8TH |
Seattle Pikes batting - Pitching for Springfield Stars : RHP José Orozco
|
Batting: RHB Naomi Kitamura
|
0-0: Ball 1-0: Ball 2-0: Ball 3-0: Called Strike 3-1: Ground out 5-3 (Groundball, 5S)
|
Batting: SHB Jong-min Kim
|
0-0: Foul Ball, location: 2F 0-1: DOUBLE (Line Drive, 5L)
|
Batting: RHB George Howard
|
0-0: Called Strike 0-1: Ball 1-1: Ground out 1-3 (Groundball, 15S)
|
Batting: RHB António Ortega
|
0-0: Ball 1-0: DOUBLE (Flyball, 78XD) Jong-min Kim scores
|
Batting: RHB Manuel Rico
|
0-0: Ball 1-0: Foul Ball, location: 2F 1-1: Foul Ball, location: 2F 1-2: Ground out 4-3 (Groundball, 4M)
|
Top of the 8th over - 1 run(s), 2 hit(s), 0 error(s), 1 left on base; Seattle 5 - Springfield 1 |
BOTTOM OF THE 8TH |
Springfield Stars batting - Pitching for Seattle Pikes : RHP Gilberto Barrera
|
Batting: LHB Mike Callahan
|
0-0: Foul Ball, location: 2F 0-1: Ground out U3 (Groundball, 3)
|
Pinch Hitting: LHB Derek Davidson
|
0-0: Ball 1-0: Ball 2-0: Ball 3-0: Called Strike 3-1: SINGLE (Line Drive, 8LS)
|
Batting: RHB José Pinto
|
0-0: Grounds into double play, 6-4-3 (Groundball, 6)
|
Bottom of the 8th over - 0 run(s), 1 hit(s), 0 error(s), 0 left on base; Seattle 5 - Springfield 1 |
TOP OF THE 9TH |
Seattle Pikes batting - Pitching for Springfield Stars : RHP José Orozco
|
Now in RF: Derek Davidson
|
|
Batting: LHB Luka Lagerweij
|
0-0: Called Strike 0-1: Ground out 6-3 (Groundball, 6)
|
Pinch Hitting: RHB John Anderson
|
0-0: Ground out 4-3 (Groundball, 4)
|
Batting: RHB Rafael Rincón
|
0-0: DOUBLE (Line Drive, 7LS)
|
Batting: RHB Randy Sheppard
|
0-0: Called Strike 0-1: Called Strike 0-2: Foul Ball, location: 2F 0-2: SINGLE (Line Drive, 34) Rafael Rincón to third
|
Batting: RHB Naomi Kitamura
|
0-0: Ball 1-0: Ball 2-0: Foul Ball, location: 2F 2-1: Foul Ball, location: 2F 2-2: Ball 3-2: Fly out, F4 (Popup, 4D)
|
Top of the 9th over - 0 run(s), 2 hit(s), 0 error(s), 2 left on base; Seattle 5 - Springfield 1 |
BOTTOM OF THE 9TH |
Springfield Stars batting - Pitching for Seattle Pikes : RHP Gilberto Barrera
|
Now at C: John Anderson
|
|
Pinch Hitting: RHB Will Sterling
|
0-0: Fly out, F7 (Line Drive, 78S)
|
Pinch Hitting: RHB Danny Reed
|
0-0: Ball 1-0: Swinging Strike 1-1: Ground out 5-3 (Groundball, 5)
|
Pinch Hitting: RHB Cullen Cox
|
0-0: Called Strike 0-1: Ball 1-1: Fly out, F9 (Line Drive, 9M)
|
Bottom of the 9th over - 0 run(s), 0 hit(s), 0 error(s), 0 left on base; Seattle 5 - Springfield 1 |
|